 Dungeon Crawl Stone Soup version 0.29-a0-717-g6dac4ea423 (webtiles) character file.

Game seed: 8541754211831573099

43 Sabo the Trooper (level 3, -2/33 HPs)
             Began as a Hill Orc Fighter on June 26, 2022.
             Killed from afar by Sigmund (33 damage)
             ... with a bolt of dispelling energy
             ... on level 2 of the Dungeon.
             The game lasted 00:02:53 (987 turns).

Sabo the Trooper (Hill Orc Fighter)                  Turns: 987, Time: 00:02:54

Health: -2/33      AC:  7    Str: 20    XL:     3   Next: 58%
Magic:  3/3        EV:  9    Int:  8    God:
Gold:   52         SH:  4    Dex: 10    Spells: 2/2 levels left

rFire   . . .      SeeInvis .   a - +0 war axe
rCold   . . .      Faith    .   c - +0 buckler
rNeg    . . .      Spirit   .   b - +0 scale mail
rPois   .          Reflect  .   (no helmet)
rElec   .          Harm     .   (no cloak)
rCorr   .          Rampage  .   (no gloves)
Will    .....                   (no boots)
Stlth   ..........              (no amulet)
HPRegen 0.11/turn               (no ring)
MPRegen 0.08/turn               (no ring)

@: no status effects
A: no striking features
a: no special abilities


You were on level 2 of the Dungeon.
You visited 1 branch of the dungeon, and saw 2 of its levels.

You collected 52 gold pieces.

Inventory:

Hand Weapons
 a - a +0 war axe (weapon)
 k - a +0 sling
Missiles
 f - 4 poisoned darts (quivered)
Armour
 b - a +0 scale mail (worn)
 c - a +0 buckler (worn)
Wands
 l - a wand of flame (9)
 m - a wand of paralysis (13)
Scrolls
 e - a scroll of fear {unknown}
 g - a scroll of immolation {unknown}
 j - a scroll of teleportation {unknown}
Potions
 d - a potion of might
 h - a potion of cancellation {unknown}
 i - a potion of mutation {unknown}


   Skills:
 + Level 4.2 Fighting
 + Level 3.3 Axes
 + Level 3.7 Armour
 + Level 3.7 Shields


You had 2 spell levels left.
You didn't know any spells.
Your spell library contained the following spells:

 Spells                   Type           Power      Damage    Failure   Level
 Gell's Gravitas          Tloc           0%         N/A       99%         3
 Lesser Beckoning         Tloc           0%         N/A       99%         3
 Teleport Other           Tloc           0%         N/A       99%         3


Dungeon Overview and Level Annotations

Branches:
Dungeon (2/15)

Altars:

Annotations:
D:2 Sigmund


Message History

You miss the adder.
You feel sick.
You are no longer poisoned.
You block the adder's attack. The adder bites you.
You are poisoned.
The adder poisons you!
You slash the adder!
The adder is severely wounded.
You feel sick. The adder bites you but does no damage.
The adder closely misses you.
You slash the adder!
You kill the adder!
You feel sick.
You feel sick.
You start resting.
You feel sick. x2
You are no longer poisoned.
You start resting.
HP restored.
Found a sling.
Things that are here:
a +0 sling; a +0 leather armour
k - a +0 sling
Found a stone staircase leading down.
Found a jewelled fluorescent wand.
l - a wand of flame (9)
Found a crooked ivory wand.
m - a wand of paralysis (13) Sigmund the Dreaded comes into view.
He is wielding a +0 scythe and carrying a wand of quicksilver (6).
Sigmund shouts!
Sigmund casts a spell at you. You resist with significant effort.
Sigmund closely misses you.
You hit Sigmund.
Sigmund is lightly wounded.
Sigmund hits you with a +0 scythe.
You completely miss Sigmund.
Sigmund is lightly wounded.
Sigmund zaps a wand.
The bolt of dispelling energy hits you!!
Ouch! That really hurt!
You die...

#.# #.# #.# #.#
#.# ### #.# .. #@#
# #@##### #
#.....## #
####...###########
#.#............
#...###########
#####


You could see Sigmund.

Vanquished Creatures
  A gnoll (D:1)
  An adder (D:2)
  A dart slug (D:1)
  A giant cockroach (D:1)
  4 goblins
  A hobgoblin (D:1)
  3 jackals (D:1)
  A quokka (D:1)
  3 ball pythons (D:1)
  A bat (D:1)
  A frilled lizard (D:2)
  2 kobolds (D:1)
  2 rats (D:1)
22 creatures vanquished.

Notes
Turn   | Place    | Note
-------+----------+-------------------------------------------
     0 | D:1      | Sabo the Hill Orc Fighter began the quest for the Orb.
     0 | D:1      | Reached XP level 1. HP: 19/19 MP: 1/1
    92 | D:1      | Reached XP level 2. HP: 26/27 MP: 2/2
   206 | D:1      | Reached skill level 4 in Fighting
   220 | D:1      | Reached XP level 3. HP: 27/33 MP: 3/3
   983 | D:2      | Noticed Sigmund
   987 | D:2      | Killed from afar by Sigmund

Illustrated notes

Levels and vault maps discovered:
D:1:      minmay_arrival_glassed_features, layout_rooms, minmay_tiny_reverse_x
D:2:      layout_loops_ring, basic_altar, basic_ecumenical_altar, uniq_sigmund

Skill      XL: |  1  2 |
---------------+-------+-----
Fighting       | 4 |  4.2
Axes           | 3 |  3.3
Armour         | |  3.7
Shields        | |  3.7

Action                   || total
-------------------------++-------
Melee: War axe           ||    47
Armor: Scale mail        ||    24
Dodge: Dodged            ||    30
Block: Buckler           ||    12

Table legend: (Time is in decaauts)
 A = Elapsed time spent in this place.
 B = Non-inter-level travel time spent in this place.
 C = Inter-level travel time spent in this place.
 D = Time resting spent in this place.
 E = Time spent auto-exploring this place.
 F = Levels seen in this place.
 G = Mean time per level.
                   A        B        C        D        E       F      G
               +--------+--------+--------+--------+--------+-----+--------+
         Total |   1004 |   1004 |      0 |    339 |      0 |   2 |  502.0 |
       Dungeon |   1004 |   1004 |      0 |    339 |      0 |   2 |  502.0 |
               +--------+--------+--------+--------+--------+-----+--------+

Top non-repeatable levels by time:
     D:1: 710 daAuts
     D:2: 294 daAuts
